 Dungeon Crawl Stone Soup version 0.29.1-1-gd02db6906a (webtiles) character file.

Game seed: 13245753078925469522

1703 RatsInWalls the Trooper (level 9, -16/70 HPs)
             Began as a Human Fighter on Oct 22, 2022.
             Was a Believer of Cheibriados.
             Demolished by an ogre
             ... wielding a +0 giant club
              (25 damage)
             ... on level 6 of the Dungeon.
             The game lasted 00:21:22 (9253 turns).

RatsInWalls the Trooper (Human Fighter)             Turns: 9253, Time: 00:21:22

Health: -16/70     AC:  9    Str: 21    XL:     9   Next: 23%
Magic:  0/16       EV: 10    Int: 19    God:    Cheibriados [**....]
Gold:   415        SH:  5    Dex: 17    Spells: 17/17 levels left

rFire   . . .      SeeInvis .   a - +1 long sword
rCold   . . .      Faith    .   c - +0 buckler
rNeg    + . .      Spirit   +   v - +2 scale mail {rN+}
rPois   .          Reflect  .   (no helmet)
rElec   .          Harm     .   (no cloak)
rCorr   +          Rampage  .   (no gloves)
Will    .....                   (no boots)
Stlth   ..........              i - amulet of guardian spirit
HPRegen 0.21/turn               r - ring of resist corrosion
MPRegen 0.15/turn               (no ring)

@: weak-willed, very slow
A: no striking features
a: Renounce Religion, Bend Time


You were on level 6 of the Dungeon.
You worshipped Cheibriados.
Cheibriados was pleased with you.
You visited 2 branches of the dungeon, and saw 7 of its levels.

You collected 415 gold pieces.

Inventory:

Hand Weapons
 a - a +1 long sword (weapon)
Missiles
 l - 6 atropa-tipped darts (quivered)
 m - 65 stones
Armour
 c - a +0 buckler (worn)
 p - an orb of light
 v - a +2 scale mail of positive energy (worn)
Jewellery
 i - an amulet of guardian spirit (around neck)
 r - a ring of resist corrosion (left hand)
Wands
 q - a wand of digging (3)
 w - a wand of flame (4)
Scrolls
 e - a scroll of enchant armour {unknown}
 f - a scroll of amnesia
 g - a scroll of immolation
 x - a scroll of fear {unknown}
Potions
 d - 2 potions of resistance
 k - a potion of lignification {unknown}
 o - 3 potions of flight
 s - 2 potions of brilliance


   Skills:
 + Level 6.3 Fighting
 - Level 5.2 Long Blades
 - Level 6.0 Armour
 + Level 1.5 Dodging
 - Level 3.0 Shields
 + Level 4.8 Spellcasting
 + Level 2.7 Invocations


You had 17 spell levels left.
You didn't know any spells.
Your spell library contained the following spells:

 Spells                   Type           Power      Damage    Failure   Level
 Poisonous Vapours        Pois/Air       8%         N/A       54%         2
 Cause Fear               Hex            2%         N/A       99%         4
 Corpse Rot               Necr/Pois/Air  4%         N/A       99%         4
 Leda's Liquefaction      Hex/Erth       2%         N/A       99%         4
 Lee's Rapid Deconstruct  Erth           2%         3d5*      100%        5
 Statue Form              Tmut/Erth      2%         N/A       100%        6
 Dragon Form              Tmut           2%         N/A       100%        7
 Dragon's Call            Summ           2%         N/A       100%        9


Dungeon Overview and Level Annotations

Branches:
Dungeon (6/15)             Temple (1/1) D:4

Altars:
Cheibriados
Dithmenos
Elyvilon
Gozag
Kikubaaqudgha
Makhleb
Nemelex Xobeh
Okawaru
Uskayaw
Wu Jian
Xom
Yredelemnul
Zin
The Shining One

Shops:
D:1 [


Message History

You hit the orc priest.
The orc priest is severely wounded.
The orc priest drinks a potion.
The orc priest is healed!
You slash the orc priest!
The orc priest is heavily wounded.
The orc priest mumbles some strange prayers to Beogh against you.
Beogh smites you! The ogre hits you with a +0 giant club!
The orc priest calls down the wrath of Beogh upon you.
Beogh smites you!
Unknown command.
As you read the scroll labelled PAMAYGR UDIU, it crumbles to dust.
It is a scroll of enchant weapon.
Your +0 long sword glows red for a moment.
The hound bites you but does no damage.
The orc priest hits you but does no damage.
The orc priest looks braver for a moment.
The ogre hits you with a +0 giant club!!
* * * LOW HITPOINT WARNING * * *
Unknown command.
You feel much better. The hound closely misses you.
The orc priest invokes the aid of Beogh against you.
Beogh smites you! You block the hound's attack.
Unknown command.
Okay, then.
Okay, then.
As you read the scroll labelled ADEPITIZAW, it crumbles to dust.
The scroll dissolves into smoke.
It was a scroll of fog.
The hound bites you but does no damage.
The orc priest hits you but does no damage.
The ogre hits you with a +0 giant club!
As you read the scroll labelled SAAC ZESEUTYR, it crumbles to dust.
Magic quickly surges around you.
It was a scroll of vulnerability.
The hound bites you but does no damage.
The orc priest hits you but does no damage.
The orc priest calls down the wrath of Beogh upon you.
Beogh smites you!
* * * LOW HITPOINT WARNING * * *
The hound completely misses you.
The ogre hits you with a +0 giant club!!
You die...

## #....## #.
#..###.....### #.
.............##### #.
P...............## #.
♣.♣.............######.
♣......))♣............
♣♣♣....♣...♣P...###### #
##§§'#...P....## #.
#§@§#P♣♣♣.♣...# #..
#Ooh#####♣PP..# #...
#.og#...#♣P♣..# !...
#...#...#♣PP..#
####g'########'#...#PP♣..#
'..!.h)o)o)))))'...#.....#
'........O)).).'...#.....#
##########################


You could see an ogre (weak-willed), a hound (weak-willed), 2 orc priests and a
hobgoblin (weak-willed).

Vanquished Creatures
  Sigmund (D:5)
  2 centaurs
  2 ogres
  2 kobold brigands (D:6)
  A gnoll sergeant (D:6)
  A scorpion (D:4)
  4 killer bees
  A howler monkey (D:5)
  3 jellies
  3 orc priests (D:6)
  3 hounds (D:6)
  A gnoll bouda (D:6)
  5 iguanas
  3 orc wizards
  7 gnolls
  7 adders
  A shadow imp (D:3)
  2 worms
  3 dart slugs
  9 orcs
  7 endoplasms
  2 giant cockroaches
  10 hobgoblins
  2 jackals (D:2)
  5 quokkas
  5 ball pythons
  3 bats (D:3)
  A frilled lizard (D:1)
  6 goblins
  24 kobolds
  2 rats
128 creatures vanquished.

Vanquished Creatures (others)
  An orc (D:5)
  41 plants (D:6)
42 creatures vanquished.

Grand Total: 170 creatures vanquished

Notes
Turn   | Place    | Note
-------+----------+-------------------------------------------
     0 | D:1      | RatsInWalls the Human Fighter began the quest for the Orb.
     0 | D:1      | Reached XP level 1. HP: 18/18 MP: 1/1
   458 | D:1      | Found Muveloka's Armour Shop.
   479 | D:1      | Reached XP level 2. HP: 11/24 MP: 2/2
  1384 | D:2      | Found a faded altar of an unknown god.
  1385 | D:2      | Noticed a floating eye
  1387 | D:2      | Noticed an eye of devastation
  1387 | D:2      | Noticed a golden eye
  1387 | D:2      | Noticed a great orb of eyes
  1495 | D:2      | Reached XP level 3. HP: 19/29 MP: 2/4
  1958 | D:2      | Reached skill level 1 in Spellcasting
  2252 | D:2      | Reached XP level 4. HP: 35/35 MP: 5/5
  3680 | D:3      | Reached XP level 5. HP: 42/42 MP: 7/7
  3719 | D:3      | Found a burning altar of Makhleb.
  3823 | D:3      | Found a sparkling altar of Nemelex Xobeh.
  5178 | D:4      | Reached XP level 6. HP: 22/48 MP: 7/9
  5402 | D:4      | Found a glowing golden altar of the Shining One.
  5481 | D:4      | Found a staircase to the Ecumenical Temple.
  5487 | Temple   | Entered the Ecumenical Temple
  5603 | Temple   | Became a worshipper of Cheibriados the Contemplative
  5649 | D:5      | Entered Level 5 of the Dungeon
  5868 | D:5      | Reached XP level 7. HP: 52/55 MP: 8/10
  5881 | D:5      | Found a white marble altar of Elyvilon.
  6281 | D:5      | Found a glowing silver altar of Zin.
  6294 | D:5      | Noticed Sigmund
  6303 | D:5      | Killed Sigmund
  6315 | D:5      | Found a basalt altar of Yredelemnul.
  6386 | D:5      | Found an opulent altar of Gozag.
  6418 | D:5      | Reached skill level 5 in Armour
  6598 | D:5      | Reached skill level 5 in Fighting
  6670 | D:5      | Reached XP level 8. HP: 50/62 MP: 10/13
  7067 | D:5      | Identified the +2 hand axe of Understanding {holy, rPois
                  | Str+2 Dex+3}
  7291 | D:5      | Reached * piety under Cheibriados
  7851 | D:6      | Found a hide-covered altar of Uskayaw.
  8047 | D:6      | Reached skill level 5 in Long Blades
  8605 | D:6      | Reached skill level 1 in Invocations
  8901 | D:6      | Reached XP level 9. HP: 43/69 MP: 9/15
  8908 | D:6      | Reached ** piety under Cheibriados
  9096 | D:6      | Reached skill level 1 in Dodging
  9253 | D:6      | Demolished by an ogre

Illustrated notes

Levels and vault maps discovered:
D:1:      ncdulo_watergridlock, layout_basic, serial_shops,
          nicolae_shop_competitors_out_of_business
D:2:      layout_basic, hellmonk_ecumenical_altar_watching_god,
          serial_co_window_serial, co_window_paths_a, co_window_paths_a,
          co_window_paths_b, co_window_corner_a, co_window_of_opportunity_a,
          co_window_paths_a, co_window_paths_b, co_window_cross_4,
          co_window_of_opportunity_c, co_window_unsneaky_path_c,
          co_window_corner_b, co_window_corner_ca, co_window_paths_e,
          glass_columns_a, glass_columns_a, glass_columns_c, hex_medium
D:3:      minmay_evil_eye, layout_basic, amcnicky_altar_gilded,
          nemelex_dance_club_becter
D:4:      layout_cave_pools, tso_oasis_becter, minmay_temple_entry_fiery
D:5:      layout_gridville, pdpol_temple_overflow_zin_treasury_gozag_greed,
          lemuel_doored_altar, elyvilon_altar_4, moated_statue,
          saegor_snake_ambush, uniq_sigmund
D:6:      kennysheep_housing_project, layout_loops_ring,
          mainiacjoe_overflow_small_starburst, minitemple
Temple:   nicolae_temple_two_arcs

Skill      XL: |  1  2  3  4  5  6  7  8  9 |
---------------+----------------------------+-----
Spellcasting   | 1 2 3 4 |  4.8
Long Blades    | 3 4 5 |  5.2
Fighting       | 4 5 6 |  6.3
Armour         | 4 5 6 |  6.0
Invocations    | 1 2 |  2.7
Dodging        | 1 |  1.5
Shields        | |  3.0

Action                   |  1- 3 |  4- 6 |  7- 9 || total
-------------------------+-------+-------+-------++-------
Melee: Long sword        |    81 |   188 |   329 ||   598
Throw: Dart              |       |     1 |       ||     1
Invok: Bend Time         |       |       |     3 ||     3
Evoke: Wand              |       |       |    24 ||    24
  Use: Potion            |     2 |     4 |     3 ||     9
       Scroll            |       |     5 |    10 ||    15
Armor: Scale mail        |    26 |    71 |   217 ||   314
Dodge: Dodged            |    35 |    82 |   182 ||   299
Block: Buckler           |    18 |    47 |    74 ||   139
